Map: Rhoskallian LE

Players

schokobon

  • Race: Zerg Zerg
  • League: Gold
  • Spawn Location: 12:00

Maestria

  • Race: Protoss Protoss
  • League: Diamond
  • Spawn Location: 11:00

qqq - Winner!

  • Race: Zerg Zerg
  • Spawn Location: 6:00

Massa - Winner!

  • Race: Terran Terran
  • League: Platinum
  • Spawn Location: 5:00

VOD

Have the link to the VOD?

Description

Time

  • Played on: Nov. 16, 2020, 2:59 p.m.
  • Length: 16:25
Show
View Real Time Build Order
Export as new Build Order

schokobon Zerg 

Build Orders: Hatch First 

Get SALT Encoding   

  12  0:01  Drone  
  13  0:13  Overlord  
  13  0:22  Drone  
  14  0:31  Drone x2  
  14  0:35  Drone  
  17  0:55  Hatchery  
  16  0:59  Drone  
  16  1:01  Drone  
  18  1:14  Extractor  
  18  1:17  Spawning Pool  
  16  1:20  Drone  
  16  1:23  Drone  
  18  1:29  Drone  
  19  1:40  Overlord  
  19  1:50  Drone  
  20  2:00  Drone  
  21  2:07  Queen x2  
  25  2:08  Zergling x2  
  25  2:11  Zergling x2  
  25  2:14  Metabolic Boost  
  27  2:18  Drone  
  28  2:23  Drone  
  29  2:37  Drone  
  29  2:38  Drone  
  31  3:05  Drone x5  
  35  3:08  Hatchery  
  34  3:21  Drone  
  34  3:22  Overlord x2  
  35  3:31  Hatchery, Drone  
  35  3:37  Overlord  
  35  3:41  Queen  
  35  3:43  Drone x2  
  35  3:45  Drone  
  35  3:48  Drone  
  41  3:54  Drone  
  41  3:55  Drone x3  
  45  4:02  Spore Crawler  
  44  4:04  Spore Crawler  
  44  4:08  Drone, Baneling Nest  
  44  4:09  Drone  
  44  4:11  Drone  
  45  4:18  Extractor x2  
  45  4:21  Drone x2  
  45  4:24  Drone x3  
  45  4:27  Drone x2  
  45  4:28  Drone  
  51  4:35  Queen  
  53  4:44  Drone, Roach Warren  
  53  4:45  Evolution Chamber  
  52  4:48  Zergling x2  
  52  4:49  Zergling x4  
  52  4:50  Zergling x2  
  54  4:53  Zergling x4  
  56  5:09  Zergling x16  
  64  5:19  Overlord x2  
  64  5:20  Overlord  
  64  5:23  Zerg Missile Weapons Level 1  
  64  5:26  Overlord x2  
  64  5:32  Baneling  
  64  5:33  Baneling x6  
  64  5:45  Roach x5  
  64  5:47  Drone x2  
  64  5:48  Drone  
  75  6:03  Zergling x10  
  76  6:04  Roach x3  
  82  6:17  Zergling x4, Roach x3  
  90  6:20  Drone x3  
  93  6:30  Drone  
  93  6:31  Drone  
  97  6:34  Lair  
  97  6:37  Queen  
  97  6:42  Drone  
  97  6:45  Evolution Chamber  
  97  6:48  Drone x2  
  97  6:49  Drone x4  
  97  6:52  Zergling x2  
  104  7:16  Overlord x5  
  104  7:17  Overlord  
  104  7:18  Hatchery  
  103  7:32  Zergling x2  
  103  7:33  Overlord x5  
  103  7:35  Pneumatized Carapace  
  104  7:44  Zerg Missile Weapons Level 2  
  104  7:45  Zerg Ground Armor Level 1, Hydralisk Den  
  104  7:46  Infestation Pit  
  102  7:51  Zergling x2  
  102  7:52  Zergling x6, Roach x4  
  102  7:53  Roach  
  116  8:06  Drone x3  
  116  8:08  Zergling x8, Roach x4  
  105  8:43  Drone x5  
  105  8:44  Drone x4  
  114  8:52  Spine Crawler  
  114  8:54  Spore Crawler  
  112  8:58  Drone x4  
  112  8:59  Drone  
  117  9:05  Extractor  
  117  9:06  Drone  
  117  9:07  Drone x3, Extractor  
  117  9:08  Drone x3  
  122  9:14  Queen  
  122  9:15  Queen x3  
  125  9:24  Hydralisk x5  
  125  9:25  Hydralisk x4  
  141  9:43  Hydralisk  
  141  9:44  Hydralisk x5, Zergling x8  
  141  9:45  Zergling x2  
  129  10:14  Drone  
  126  10:15  Hydralisk x5, Zergling x8  
  126  10:16  Zergling x4  
  126  10:19  Baneling x8  
  126  10:20  Baneling x2  
  142  10:21  Centrifical Hooks  
  142  10:23  Zerg Ground Armor Level 2  
  142  10:26  Zerg Melee Weapons Level 1  
  142  10:35  Spore Crawler x2  
  140  10:37  Spore Crawler x2  
  140  10:38  Spore Crawler  
  137  10:46  Drone  
  137  10:47  Drone  
  139  11:02  Hatchery  
  83  11:18  Hydralisk x2  
  83  11:19  Hydralisk x4, Zergling x10  
  83  11:20  Zergling x2  
  87  11:39  Hydralisk x2, Zergling x2  
  90  11:40  Zergling x2  
  85  11:48  Hydralisk x2  
  85  11:49  Zergling x4  
  85  11:53  Hydralisk  
  85  11:54  Hydralisk, Zergling x4  
  94  12:02  Hydralisk  
  94  12:03  Zergling x2  
  94  12:06  Hydralisk  
  94  12:07  Zergling x2  
  88  12:12  Hydralisk x2  
  88  12:13  Hydralisk x2, Zergling x10  
  97  12:25  Queen  
  97  12:27  Hydralisk x2, Zergling x2  
  97  12:28  Zergling x2  
  105  12:31  Drone  
  105  12:32  Drone x2  
  105  12:36  Drone x2  
  111  12:37  Drone  
  111  12:38  Zergling x2  
  111  12:44  Baneling x8  
  112  12:46  Baneling x2  
  112  12:47  Baneling  
  112  12:48  Baneling  
  112  12:51  Drone x2  
  114  12:52  Drone  
  114  12:57  Drone x2  
  109  13:25  Hydralisk x6, Zergling x4  
  109  13:26  Zergling x10  
  124  13:27  Zergling x2  
  114  13:38  Hydralisk x2, Zergling x4  
  114  13:39  Zergling x6  
  117  13:46  Hydralisk  
  117  13:47  Zergling x6  
  85  14:27  Hydralisk  
  85  14:28  Zergling x4  
  78  14:42  Drone x2  
  78  14:43  Drone x8  
  78  14:44  Drone x4  
  92  14:51  Baneling Nest  
  91  14:56  Evolution Chamber  
  90  15:00  Queen  
  90  15:01  Queen  
  90  15:06  Spore Crawler  
  93  15:10  Spore Crawler x2  
  91  15:18  Hydralisk x7, Zergling x4  
  91  15:19  Zergling x12  
  107  15:30  Hydralisk x3, Zergling x2  
  107  15:31  Zergling x8  
  117  15:38  Hydralisk, Zergling x2  
  117  15:39  Zergling x4  
  98  15:57  Zergling x12  
  98  15:58  Zergling x14  
Show
View Real Time Build Order
Export as new Build Order

Maestria Protoss 

Build Orders: Oracle Opening 

Get SALT Encoding   

  12  0:00  Probe  
  13  0:12  Probe  
  14  0:18  Pylon  
  14  0:24  Probe  
  15  0:36  Probe  
  15  0:39  Gateway  
  16  0:48  Probe (Chrono Boost)  
  17  0:52  Assimilator  
  18  0:57  Assimilator  
  18  0:58  Probe (Chrono Boost)  
  18  1:03  Probe (Chrono Boost)  
  19  1:15  Probe  
  20  1:20  Gateway  
  20  1:27  Cybernetics Core  
  20  1:30  Probe  
  21  1:42  Probe  
  21  1:46  Pylon  
  23  1:54  Probe  
  23  2:06  Probe  
  24  2:10  Stalker (Chrono Boost)  
  26  2:21  Probe  
  27  2:26  Stargate  
  27  2:29  Warp Gate  
  26  2:34  Probe  
  27  2:46  Probe  
  28  2:52  Pylon  
  28  3:05  Nexus  
  29  3:12  Probe  
  29  3:18  Stalker x2  
  33  3:21  Oracle (Chrono Boost)  
  36  3:29  Probe  
  37  3:41  Probe  
  38  3:51  Pylon  
  38  4:03  Probe  
  39  4:15  Probe (Chrono Boost), Robotics Facility  
  40  4:18  Probe (Chrono Boost)  
  41  4:27  Probe (Chrono Boost), Stalker  
  41  4:28  Stalker  
  41  4:31  Probe (Chrono Boost)  
  47  4:35  Probe (Chrono Boost)  
  47  4:36  Probe (Chrono Boost)  
  49  4:41  Probe  
  49  4:45  Probe  
  49  4:53  Probe  
  49  4:57  Stalker x2  
  49  4:59  Probe  
  50  5:05  Probe  
  44  5:11  Probe  
  45  5:16  Assimilator  
  45  5:17  Probe  
  45  5:20  Observer (Chrono Boost), Assimilator  
  47  5:23  Probe  
  47  5:28  Stalker  
  50  5:29  Probe  
  50  5:33  Immortal (Chrono Boost)  
  55  5:35  Probe  
  55  5:42  Probe, Oracle, Pylon  
  60  5:44  Pylon  
  60  5:48  Probe  
  61  5:54  Probe  
  62  6:00  Probe  
  63  6:06  Probe  
  63  6:09  Gateway  
  63  6:10  Gateway  
  64  6:11  Gateway  
  64  6:12  Probe  
  64  6:18  Probe  
  66  6:19  Cybernetics Core  
  66  6:24  Probe  
  67  6:32  Twilight Council  
  67  6:33  Immortal  
  67  6:36  Robotics Bay  
  67  6:39  Robotics Facility  
  71  6:54  Nexus  
  71  6:56  Probe  
  71  6:57  Probe  
  73  7:09  Probe x2  
  75  7:21  Probe x2  
  75  7:22  Assimilator  
  77  7:26  Assimilator  
  77  7:30  Forge  
  77  7:31  Pylon  
  77  7:32  Forge  
  77  7:34  Forge  
  77  7:38  Pylon  
  77  7:41  Blink (Chrono Boost)  
  77  7:45  Pylon  
  77  7:48  Colossus, Pylon  
  83  7:57  Stalker  
  83  7:58  Stalker x2  
  89  8:03  Protoss Ground Weapons Level 1 (Chrono Boost)  
  89  8:04  Protoss Shields Level 1 (Chrono Boost), Protoss Ground Armor Level 1 (Chrono Boost)  
  89  8:18  Stalker x2  
  93  8:28  Phoenix  
  95  8:47  Void Ray  
  95  8:55  Probe x3  
  102  9:07  Probe x2  
  102  9:08  Probe  
  105  9:16  Stalker x5  
  109  9:19  Probe  
  109  9:20  Probe x2  
  112  9:30  Templar Archives  
  112  9:35  Charge  
  112  9:41  Pylon  
  112  9:44  Stalker  
  112  9:45  Gateway, Stalker x4  
  122  9:46  Gateway  
  122  9:49  Pylon  
  120  10:14  Probe x3  
  120  10:17  Colossus x2  
  135  10:22  Pylon  
  135  10:26  Probe, Pylon  
  136  10:29  Pylon  
  136  10:30  Protoss Ground Weapons Level 2  
  136  10:31  Protoss Ground Armor Level 2  
  136  11:03  Stalker  
  136  11:04  Stalker x6  
  144  11:10  Colossus  
  144  11:11  Colossus  
  122  11:43  Stalker x3  
  122  11:44  Stalker x4  
  102  11:56  Void Ray  
  98  12:05  Observer  
  99  12:09  Zealot x7  
  101  12:26  Probe x3  
  104  12:33  Void Ray  
  104  12:34  Protoss Shields Level 2 (Chrono Boost)  
  104  12:38  Probe x3  
  104  12:41  Extended Thermal Lance  
  104  12:44  Stalker x6  
  113  12:50  Probe x3  
  126  12:51  Colossus  
  132  13:02  Probe x2  
  134  13:09  Psionic Storm  
  134  13:10  Void Ray  
  120  13:42  Stalker x7  
  120  14:21  Stalker x5  
  120  14:22  Stalker x2  
  118  14:42  Nexus  
  118  14:47  Pylon  
  118  14:56  Zealot x6  
  118  14:57  Zealot  
  117  15:26  Stalker x7  
  111  16:01  Zealot x4  
  119  16:14  Zealot x3  
Show
View Real Time Build Order
Export as new Build Order

qqq Zerg - Winner!

Build Orders: Hatch First 

Get SALT Encoding   

  12  0:00  Drone  
  13  0:08  Drone  
  14  0:25  Overlord  
  14  0:55  Hatchery  
  13  0:59  Drone x2  
  13  1:00  Drone  
  13  1:03  Extractor  
  15  1:19  Drone  
  16  1:35  Drone x2, Spawning Pool  
  17  1:46  Drone  
  18  1:59  Drone  
  19  2:10  Drone  
  19  2:12  Drone  
  21  2:18  Hatchery  
  20  2:39  Zergling x4  
  20  2:40  Metabolic Boost, Zergling x2  
  23  2:47  Drone x2  
  23  2:48  Zergling x2  
  26  2:54  Queen  
  28  2:58  Overlord  
  28  3:07  Overlord  
  28  3:16  Baneling Nest  
  28  3:18  Zergling x4  
  29  3:24  Zergling x4  
  31  3:29  Zergling x2  
  31  3:33  Drone x2  
  34  3:36  Zergling x2  
  35  3:49  Drone  
  35  3:50  Zergling x2  
  35  3:53  Drone  
  37  3:59  Drone, Queen  
  40  4:15  Spore Crawler  
  39  4:18  Queen, Spore Crawler  
  39  4:19  Drone x2  
  39  4:23  Drone  
  43  4:24  Drone  
  41  4:38  Drone x2  
  41  4:39  Drone x3  
  40  5:00  Drone, Zergling x4  
  40  5:01  Drone x5  
  43  5:13  Lair  
  43  5:15  Drone, Extractor  
  43  5:16  Drone x2  
  43  5:20  Extractor  
  44  5:21  Extractor  
  44  5:25  Drone  
  44  5:30  Drone  
  44  5:32  Drone  
  46  5:40  Hatchery  
  45  5:46  Drone, Overlord  
  45  5:47  Drone x2  
  45  5:48  Drone x2  
  50  5:54  Overlord  
  50  5:55  Overlord  
  50  5:56  Overlord  
  50  6:07  Zergling x2  
  50  6:09  Drone x4  
  55  6:16  Drone  
  55  6:17  Zergling x2, Spire  
  56  6:19  Drone  
  57  6:30  Drone x3  
  57  6:31  Overlord  
  57  6:32  Overlord  
  60  6:37  Overlord  
  60  6:38  Drone x2  
  62  6:41  Extractor x2  
  62  6:47  Drone  
  61  6:51  Drone  
  61  6:52  Drone, Queen  
  65  6:59  Overlord  
  65  7:01  Drone  
  65  7:02  Drone x3  
  65  7:03  Drone  
  70  7:18  Drone  
  70  7:19  Drone x3  
  74  7:28  Queen  
  76  7:33  Mutalisk x2, Infestation Pit  
  76  7:34  Mutalisk, Corruptor x2  
  76  7:36  Mutalisk  
  87  7:40  Drone x3  
  87  7:41  Drone  
  87  7:43  Drone x2  
  93  7:45  Hatchery  
  92  7:54  Drone x2  
  92  7:55  Drone x2  
  92  7:56  Mutalisk  
  92  7:57  Mutalisk, Corruptor  
  92  7:58  Mutalisk  
  104  8:08  Drone x2  
  104  8:09  Mutalisk  
  104  8:11  Mutalisk x3  
  110  8:12  Mutalisk  
  112  8:26  Mutalisk  
  114  8:28  Drone x4  
  118  8:39  Mutalisk  
  118  8:41  Overlord x3  
  120  8:42  Overlord x2  
  120  8:51  Hive  
  120  8:59  Mutalisk  
  120  9:00  Corruptor  
  120  9:01  Mutalisk  
  120  9:02  Hatchery  
  125  9:03  Overlord x2  
  125  9:04  Overlord  
  125  9:05  Drone  
  125  9:09  Hatchery  
  125  9:29  Mutalisk x4  
  125  9:31  Drone x6  
  139  9:42  Hatchery  
  136  9:50  Spine Crawler  
  136  9:52  Spine Crawler  
  121  10:09  Mutalisk x4  
  121  10:10  Mutalisk x3  
  121  10:11  Drone x3  
  136  10:26  Mutalisk x3  
  136  10:27  Drone  
  143  10:33  Zerg Flyer Weapons Level 1  
  143  10:46  Drone x2  
  143  10:47  Drone x3  
  146  10:57  Ultralisk Cavern  
  146  11:03  Evolution Chamber  
  146  11:04  Evolution Chamber  
  124  11:19  Mutalisk  
  124  11:20  Mutalisk x4  
  124  11:22  Drone x7  
  124  11:23  Drone x2  
  127  11:51  Mutalisk x4  
  127  11:52  Mutalisk x2  
  127  11:53  Drone x2  
  127  11:54  Drone x8  
  143  11:55  Zergling x6  
  142  12:04  Extractor  
  142  12:05  Extractor  
  140  12:16  Anabolic Synthesis  
  140  12:18  Hatchery, Zerg Melee Weapons Level 1  
  140  12:19  Hatchery  
  136  12:24  Hatchery  
  136  12:25  Drone x3, Spine Crawler  
  136  12:26  Drone x5  
  136  12:27  Spine Crawler x2  
  138  12:31  Queen  
  138  12:35  Hatchery  
  139  12:40  Drone x5  
  139  12:41  Drone x3  
  139  12:42  Extractor  
  139  12:43  Extractor  
  145  12:45  Spine Crawler  
  145  12:46  Spine Crawler x2  
  145  12:48  Zerg Ground Armor Level 1  
  145  12:50  Zergling x16  
  145  12:51  Zergling x2  
  151  12:58  Chitinous Plating  
  151  12:59  Drone x3  
  151  13:00  Drone x3  
  154  13:06  Mutalisk x3  
  154  13:07  Drone, Queen  
  154  13:08  Drone  
  148  13:33  Mutalisk x7  
  148  13:38  Zergling x4  
  147  13:45  Ultralisk  
  147  13:46  Drone x7  
  147  13:47  Drone x2  
  157  14:04  Spine Crawler  
  156  14:11  Spine Crawler  
  152  14:23  Mutalisk x4  
  152  14:24  Mutalisk x4  
  151  14:26  Drone x5  
  151  14:27  Zergling x8  
  172  14:40  Drone x3  
  174  14:54  Drone  
  174  14:55  Drone  
  174  14:57  Ultralisk x3  
  189  15:24  Mutalisk x2  
  189  15:25  Mutalisk x7  
  188  15:38  Ultralisk  
  188  15:39  Drone x3  
  188  15:51  Hatchery  
  188  15:54  Drone x5  
  189  15:59  Spine Crawler x3  
  189  16:00  Spine Crawler x2  
  189  16:01  Spine Crawler  
  189  16:02  Spine Crawler  
  189  16:04  Spine Crawler  
  181  16:17  Hatchery  
Show
View Real Time Build Order
Export as new Build Order

Massa Terran - Winner!

Build Orders: Gas First Reaper Expand 

Get SALT Encoding   

  12  0:00  SCV  
  13  0:12  SCV  
  14  0:22  Supply Depot  
  14  0:24  SCV  
  15  0:31  Refinery  
  15  0:44  SCV  
  15  0:48  Barracks  
  16  0:56  SCV  
  17  1:09  SCV  
  18  1:33  SCV  
  18  1:36  Reaper  
  20  1:43  Command Center  
  20  1:48  Orbital Command  
  20  2:08  Marine  
  20  2:13  Factory  
  21  2:16  Supply Depot  
  21  2:24  SCV  
  22  2:33  Barracks Reactor  
  22  2:36  SCV  
  23  2:44  Bunker  
  23  2:48  SCV  
  24  3:15  Orbital Command  
  24  3:16  SCV  
  25  3:25  Marine x2  
  25  3:26  Factory Tech Lab  
  27  3:28  SCV  
  27  3:30  Refinery  
  28  3:35  Refinery  
  28  3:37  Engineering Bay  
  28  3:40  SCV  
  29  3:43  Marine x2  
  31  3:53  SCV  
  32  3:56  Siege Tank  
  32  4:01  Marine x2  
  32  4:02  Starport  
  37  4:12  Missile Turret  
  37  4:18  SCV x2, Marine  
  37  4:19  Marine  
  41  4:30  SCV  
  42  4:36  Marine x2  
  44  4:54  Marine x2, Missile Turret  
  44  4:56  Starport Reactor, Supply Depot  
  44  4:57  Supply Depot  
  44  4:58  Terran Infantry Weapons Level 1  
  46  5:00  Supply Depot x2  
  46  5:01  Armory  
  46  5:18  SCV x2, Barracks, Cyclone  
  51  5:26  Marine x2  
  53  5:42  Medivac  
  57  5:44  Liberator  
  57  5:46  Marine x2  
  60  5:50  Siege Tank  
  63  6:04  Marine x2  
  63  6:09  Barracks Tech Lab  
  65  6:15  Refinery  
  65  6:18  Barracks  
  65  6:20  Barracks  
  65  6:22  Marine x2  
  65  6:23  Barracks  
  67  6:29  Medivac  
  69  6:35  SCV  
  69  6:36  SCV, Command Center  
  71  6:47  Stimpack  
  71  6:58  Siege Tank  
  71  7:00  Marauder  
  76  7:04  SCV  
  76  7:05  SCV  
  78  7:18  Barracks Reactor, Barracks Tech Lab x2  
  78  7:27  Supply Depot x2  
  78  7:47  SCV, Marine, Medivac x2  
  78  7:48  Marauder x3, Marine  
  78  7:50  Supply Depot  
  91  7:53  SCV x2  
  93  8:00  SCV  
  94  8:05  SCV  
  94  8:09  Marauder x3  
  101  8:31  Marauder  
  91  8:58  Marauder x3  
  91  8:59  Marine x4  
  91  9:02  Concussive Shells, Combat Shield  
  101  9:10  SCV x2  
  101  9:16  Marine  
  104  9:19  Marauder  
  104  9:20  Marauder x2  
  104  9:21  Marine  
  104  9:22  SCV, Marine x2  
  104  9:23  SCV  
  115  9:29  Supply Depot x2  
  115  9:32  Terran Infantry Armor Level 1  
  115  9:34  Medivac  
  117  9:45  Command Center  
  117  9:48  Command Center  
  117  9:50  SCV, Siege Tank  
  117  9:51  SCV, Marauder x2, Medivac  
  122  10:03  SCV  
  114  10:13  Marauder x3  
  114  10:14  Marine x4  
  122  10:17  Medivac  
  126  10:25  Medivac  
  128  10:29  Orbital Command  
  128  10:32  SCV x2  
  128  10:34  Marauder  
  132  10:45  Supply Depot  
  132  10:46  Refinery, Supply Depot x2  
  132  10:57  Marauder x3, Marine, Medivac, Siege Tank  
  131  11:18  Marauder x3  
  137  11:29  Siege Tank  
  137  11:34  Marine x4  
  138  11:40  Marauder x3  
  139  12:01  Marauder x3, Siege Tank  
  116  12:19  Marine x3  
  116  12:21  Medivac  
  116  12:22  Medivac  
  127  12:23  Marauder x3  
  127  12:24  SCV x2  
  127  12:25  SCV  
  127  12:27  Orbital Command  
  131  12:30  Planetary Fortress  
  131  12:33  Siege Tank  
  131  12:36  SCV  
  131  12:37  Refinery, SCV x2  
  142  12:44  Marauder x3  
  142  12:46  Supply Depot x2  
  142  12:47  Supply Depot x2  
  142  12:49  SCV x3  
  142  12:51  Medivac, Supply Depot  
  145  12:54  Missile Turret  
  147  13:01  SCV, Missile Turret  
  147  13:05  Marauder x3, Siege Tank  
  157  13:07  Terran Infantry Armor Level 2  
  157  13:13  Engineering Bay  
  157  13:14  Armory  
  157  13:16  Medivac  
  165  13:27  Marauder x3  
  163  13:37  Siege Tank  
  166  13:53  Marauder x3  
  166  13:54  Marine x4  
  176  14:09  Siege Tank  
  178  14:11  Marine  
  178  14:14  Marauder  
  178  14:15  Marauder x2  
  169  14:36  Marauder x3  
  169  14:37  Marine  
  169  14:38  Marine x3  
  167  14:41  Siege Tank  
  167  14:42  Medivac x2  
  177  14:55  Marine  
  177  14:56  Marine x4  
  177  14:57  Marine x2  
  184  15:11  Refinery x2  
  184  15:12  Medivac x2  
  184  15:13  Marine, Thor  
  184  15:14  Marine x4  
  197  15:15  Marine  
  196  15:59  Marauder x2, Marine  
Tags
 
Add a new tag
Caveats
  • Supply blocks, unpowered buildings, or Contaminate may cause inaccurate times.
  • Supply counts are checked every 10 seconds.